Unix NetHack Version 5.0.0-0 post-release - last build Jun 10 2026 00:39:30 (3ee93aec679c4c4259841fe613dc97188e26a321,branch:main).

Game began 2026-06-17 08:15:40, ended 2026-06-17 14:31:08.

LDaviesPeters, neutral female human Archeologist

                      --------------------------------       -----------
                      |..............................|#      |.........|
                      |.-----------.......--------....#######+..<......|
                      |.|  |!.(|..|.------|. |+++|...|#      |.........|
                      |.+  |(((|..|.|.....|. |+?+|...|       -------|---
                      |.---|...|-|-.(.._..||-|...|...|              ##
                      |....-+---....|.....|..-+---...|               #
                      .......!....).|....)|..........|               #
                      |...........{.--+----.{........|          -----.--
                      |..............................|          |....^.|
                      |...--+--|--.......%...-+---...|          .u@....|
                      |...|...|%.|---.-------|...|...|          |..>...|
                      |...|.+!|..|  |.-..!|  |((.|...|          |......|
                      |...|[?!|--|  +.|.%%|  |(((|...|          --------
                      |...-----..----.------+-----...|
                      |..............................|
                      --------------------------------

LDaviesPeters the Investigator  St:15 Dx:12 Co:17 In:16 Wi:17 Ch:10  Neutral
Dlvl:7  $:0  HP:0(60) Pw:45(45) AC:6  Xp:7 T:8541 

Latest messages:
 You write in the dust with your fingertip.
 What do you want to write in the dust here? xx
 What do you want to write with? [- agpwBGHJPY or ?*] ?
 The engraving on the floor vanishes!
 You write in the dust with a hexagonal wand.
 What do you want to write in the dust here? 
 The hexagonal wand glows, then fades.
 What do you want to call? [lpwyGO or ?*] ?
 Call a hexagonal wand: Vanish-1
 There are several objects here.
 You see here an unlocked chest containing 30 items.
 S - a spellbook of chain lightning.
 u - a spellbook of identify.
 There are several objects here.
 You descend the stairs.
 You descend the stairs.
 You descend the stairs.
 You are beginning to feel hungry.
 What do you want to eat? [dqszDF or ?*] ?
 This melon is delicious!
 You descend the stairs.
 Pick a monster, object or location.
 u        a unicorn or horse (white unicorn)
 What do you want to wield? [- aPY or ?*] a
 a - a +2 bullwhip (weapon in right hand).
 The white unicorn butts!
 The white unicorn kicks!
 You miss the white unicorn.
 The white unicorn butts!
 The white unicorn kicks!
 The white unicorn butts!
 The white unicorn kicks!
 You lash the white unicorn!
 The white unicorn butts!
 The white unicorn misses!
 You lash the white unicorn!
 The white unicorn butts!
 The white unicorn kicks!
 What do you want to zap? [wG or ?*] ?
 In what direction? 4
 The wand misses the white unicorn.
 The white unicorn butts!
 The white unicorn kicks!
 The white unicorn butts!
 You die...
 Do you want your possessions identified? [ynq] (y) y
 Do you want to see your attributes? [ynq] (y) y
 Do you want an account of creatures vanquished? [ynaq] (y) n
 Do you want to see your conduct and achievements? [ynq] (y) y
 Do you want to see the dungeon overview? [ynq] (y) n

Inventory:
 Amulets  ('"')
  y - an uncursed amulet versus poison (being worn)
 Weapons  (')')
  P - 2 +0 daggers (at the ready)
  a - a +2 bullwhip (weapon in right hand)
  Y - a +3 silver saber
 Armor    ('[')
  O - an uncursed +0 dwarvish iron helm (being worn)
  Z - an uncursed +0 pair of speed boots (being worn)
  r - an uncursed +0 mummy wrapping
  h - an uncursed +0 leather jacket (being worn)
 Comestibles  ('%')
  q - an uncursed slime mold
  F - an uncursed clove of garlic
  s - 2 uncursed eucalyptus leaves
  d - 3 uncursed food rations
  z - an uncursed tripe ration
 Scrolls  ('?')
  v - an uncursed scroll of teleportation
 Spellbooks  ('+')
  S - an uncursed spellbook of chain lightning
  u - an uncursed spellbook of identify
 Rings    ('=')
  p - an uncursed ring of fire resistance (on left hand)
 Wands    ('/')
  w - a wand of striking (0:5)
  G - a wand of teleportation (0:6)
 Tools    ('(')
  b - an uncursed sack containing 5 items
  k - an uncursed lock pick
  l - an uncursed magic lamp
  A - an uncursed magic whistle
  B - an uncursed towel
 Gems/Stones  ('*')
  H - an uncursed topaz stone
  J - an uncursed luckstone
  g - an uncursed touchstone

Contents of the sack:
  412 gold pieces
  an uncursed scroll of teleportation
  an uncursed potion of extra healing
  an uncursed potion of monster detection
  a +0 pick-axe

LDaviesPeters the Archeologist's attributes:

Background:
 You were an Investigator, a level 7 female human Archeologist.
 You were neutral, on a mission for Camaxtli
 who was opposed by Quetzalcoatl (lawful) and Huhetotl (chaotic).
 You were right-handed.
 You were in the Gnomish Mines, on level 7.
 You entered the dungeon 8541 turns ago.
 There was a new moon in effect when your adventure ended.
 You had 1058 experience points, 222 more were needed to attain level 8.

Basics:
 You had 0 out of 60 hit points.
 You had all 45 energy points (spell power).
 Your armor class was 6.
 Your wallet was empty, but
 you had 412 zorkmids stashed away in your pack.
 Autopickup was off.

Final Characteristics:
 Your strength was 15 (limit:18/100).
 Your dexterity was 12 (limit:18).
 Your constitution was 17 (limit:18).
 Your intelligence was 16 (limit:18).
 Your wisdom was 17 (limit:18).
 Your charisma was 10 (limit:18).

Final Status:
 You weren't hungry.
 You were unencumbered.
 You were wielding a whip.
 You had expert skill with whip.

Final Attributes:
 You were piously aligned.
 You were fire resistant.
 Your items were protected from fire.
 You were poison resistant.
 You were telepathic.
 You had automatic searching.
 You were stealthy.
 You were very fast.
 You were lucky.
 You had extra luck.
 Bad luck did not time out for you.
 Good luck did not time out for you.
 You are dead.

Miscellaneous:
 You encountered 1 bones level.
 Total elapsed playing time was 4 hours, 14 minutes and 36 seconds.

Major events:
 Turn
    1: LDaviesPeters the neutral female human Archeologist entered the dungeon
 2476: attained the rank of Field Worker (level 3)
 5352: entered the Gnomish Mines
 5712: attained the rank of Investigator (level 6)
 6588: reached Mine Town
 8541: killed by a white unicorn

Spells:
 Name                 Level Category     Fail Retention
 detect food            2   divination    84%   51%-75%
 chain lightning        2   attack        84%   51%-75%
 identify               3   divination   100%   51%-75%
 light                  1   divination    30%   51%-75%
 slow monster           2   enchantment   84%  76%-100%

Skills:
 Fighting Skills
   bare handed combat [Unskilled]
   two weapon combat  [Unskilled]
   riding             [Unskilled]
 Weapon Skills
   dagger             [Unskilled]
   knife              [Unskilled]
   pick-axe           [Basic]
   short sword        [Unskilled]
   saber              [Basic]
   club               [Unskilled]
   quarterstaff       [Unskilled]
   sling              [Unskilled]
   dart               [Unskilled]
   boomerang          [Unskilled]
   whip               [Expert]
   unicorn horn       [Unskilled]
 Spellcasting Skills
   attack spells      [Unskilled]
   healing spells     [Unskilled]
   divination spells  [Unskilled]
   matter spells      [Unskilled]

Voluntary challenges:
 Character rerolling was not enabled.
 You never genocided any monsters.
 You never polymorphed an object.
 You never changed form.
 You used no wishes.
Achievements:
 You entered a shop.
 You attained the rank of Field Worker.
 You entered the Gnomish Mines.
 You attained the rank of Investigator.
 You entered Minetown.
 You entered a temple.

 The Dungeons of Doom: levels 1 to 6
    Level 1:
    Level 2:
       A fountain.
    Level 3:
       A scroll shop.
    Level 4:
       A general store, a grave.
       Stairs down to The Gnomish Mines.
    Level 5:
       Many fountains, a grave.
       Final resting place for
          Brudee-Rog-Hum-Fem-Cha, killed by a gnome.
    Level 6:
 The Gnomish Mines: levels 5 to 8
    Level 5:
    Level 6:
    Level 7: <- You were here.
       Many shops, a temple and an altar, some fountains.
       Final resting place for
          you, killed by a white unicorn.
    Level 8:


Vanquished creatures:
  a ghost
  a quivering blob
  a winter wolf cub
  a lizard
  a dingo
  a dog
  2 housecats
  a jaguar
  a mountain nymph
  2 ponies
  3 fog clouds
  a shrieker
  6 gnome leaders
  3 gnomish wizards
  a kobold mummy
 an elf zombie
  2 little dogs
  a floating eye
  8 dwarves
  3 kobold leaders
  7 rothes
  a centipede
  2 giant bats
  a dwarf zombie
  a wererat
  3 werejackals
 an iguana
  a coyote
  2 gas spores
  4 hobbits
  a large kobold
  2 hobgoblins
  5 giant rats
  4 cave spiders
  a brown mold
  3 yellow molds
  3 red molds
 31 gnomes
  4 garter snakes
  a gnome zombie
  8 geckos
 15 jackals
  a kobold
  3 goblins
  9 sewer rats
 11 grid bugs
  2 bats
  6 lichens
  2 kobold zombies
  5 newts
181 creatures vanquished.

No species were genocided or became extinct.

Game over:
                       ----------
                      /          \
                     /    REST    \
                    /      IN      \
                   /     PEACE      \
                  /                  \
                  |  LDaviesPeters   |
                  |      412 Au      |
                  |   killed by a    |
                  |  white unicorn   |
                  |                  |
                  |                  |
                  |       2026       |
                 *|     *  *  *      | *
        _________)/\\_//(\/(/\)/\//\/|_)_______

Goodbye LDaviesPeters the Archeologist...

You died in The Gnomish Mines on dungeon level 7 with 4983 points,
and 412 pieces of gold, after 8541 moves.
You were level 7 with a maximum of 60 hit points when you died.

